[Event "Team 45 45 League T48"]
[Site "Internet Chess Club"]
[Date "2011.02.21"]
[Round "2"]
[White "pestka"]
[Black "MaartenKoning"]
[Result "1-0"]
[WhiteElo "2315"]
[BlackElo "2234"]
[Opening "English opening"]
[ECO "A30"]
[Time "14:18:42"]
[TimeControl "2700+45"]

1. Nf3 Nf6 2. c4 c5 3. Nc3 b6 4. d4 cxd4 5. Nxd4 Bb7 6. f3 d6 7. e4 e6 8. Be3
Nbd7 9. Be2 Be7 10. O-O a6 11. Qd2 Qc7 12. Rfc1 Rc8 13. a4 O-O 14. a5 bxa5 15.
Nb3 Rfd8 16. Nxa5 Ba8 17. Na4 Nc5 18. b4 Nxa4 19. Rxa4 Bf8 20. Bf1 Be7 21. Qf2
Nd7 22. Rca1 Bf6 23. Bd4 Bxd4 24. Qxd4 Ne5 25. Qf2 Nd7 26. Rd1 Ne5 27. Rda1 Nd7
28. Kh1 Ne5 29. Rc1 Nd7 30. Rd1 Ne5 31. Kg1 Nd7 32. Rb1 Ne5 33. Raa1 Nd7 34. Ra2
Ne5 35. Ra3 Nd7 36. Raa1 Ne5 37. b5 axb5 38. cxb5 Rb8 39. b6 Qd7 40. b7 Bxb7 41.
Qa7 Nc6 42. Nxc6 Qxc6 43. Ba6 {Black resigns} 1-0

[Event "Team 45 45 League T48"]
[Site "Internet Chess Club"]
[Date "2011.02.22"]
[Round "2"]
[White "ben622"]
[Black "Jack-ONeill"]
[Result "1/2-1/2"]
[WhiteElo "1978"]
[BlackElo "2044"]
[Opening "Ruy Lopez: Schliemann defense, Berger variation"]
[ECO "C63"]
[Time "16:00:08"]
[TimeControl "2700+45"]

1. e4 e5 2. Nf3 Nc6 3. Bb5 f5 4. Nc3 fxe4 5. Nxe4 Nf6 6. Qe2 d5 7. Nxf6+ gxf6 8.
d4 Bg7 9. dxe5 O-O 10. e6 Ne5 11. Bd3 Bxe6 12. Bf4 Qd6 13. Nxe5 fxe5 14. Bg3 Bf5
15. O-O Bxd3 16. Qxd3 Rad8 17. Rfe1 Qb6 18. Bxe5 Qxf2+ 19. Kh1 c6 20. Bxg7 Kxg7
21. Re7+ Rf7 22. Rxf7+ Qxf7 23. Rf1 Qe7 24. Qd4+ Kg8 25. Qxa7 Qe2 26. Qf2 Qxf2
27. Rxf2 Re8 28. g3 d4 29. a4 c5 30. b3 c4 31. bxc4 Rc8 32. Rf4 Rxc4 33. a5 Rxc2
34. Rxd4 Ra2 35. Rb4 Rxa5 36. Rxb7 Ra2 37. Rc7 Rb2 38. Rd7 Ra2 39. Re7 Rb2 40.
Kg1 Ra2 41. Re1 Kg7 42. Rf1 Kg6 43. Rf2 Ra3 44. Kg2 Rb3 45. Kh3 Ra3 46. Kh4 Ra4+
47. g4 h5 {Game drawn by mutual agreement} 1/2-1/2

[Event "Team 45 45 League T48"]
[Site "Internet Chess Club"]
[Date "2011.02.20"]
[Round "2"]
[White "vnchess"]
[Black "MusiqueWand"]
[Result "0-1"]
[WhiteElo "2207"]
[BlackElo "2358"]
[Opening "Réti: King's Indian attack (Barcza system)"]
[ECO "A07"]
[Time "11:59:26"]
[TimeControl "2700+45"]

1. Nf3 d5 2. g3 c6 3. Bg2 Bg4 4. b3 Nd7 5. Bb2 e6 6. d3 f5 7. Nbd2 Nh6 8. h3
Bxf3 9. Bxf3 Nf6 10. O-O Be7 11. e4 O-O 12. Qe2 Qc7 13. c4 dxe4 14. dxe4 f4 15.
Kh1 Rad8 16. Rg1 fxg3 17. Rxg3 Qf4 18. Bc3 Nf7 19. Rag1 g6 20. Bh5 e5 21. Bg4
Nxg4 22. Rxg4 Qh6 23. R1g3 Bh4 24. Kg2 Bxg3 25. fxg3 Ng5 26. h4 Ne6 27. c5 b5
28. cxb6 axb6 29. Nf3 Qc1 30. Bxe5 Rxf3 31. Qxf3 Rd2+ 32. Kh3 Qg1 33. Rg5 Rh2+
34. Kg4 Rxh4+ 35. Kxh4 Qh2+ 36. Kg4 h5+ 37. Rxh5 Qxh5# {White checkmated} 0-1

[Event "Team 45 45 League T48"]
[Site "Internet Chess Club"]
[Date "2011.02.20"]
[Round "2"]
[White "Oblio"]
[Black "eurander"]
[Result "1-0"]
[WhiteElo "2349"]
[BlackElo "2193"]
[Opening "Caro-Kann: advance variation"]
[ECO "B12"]
[Time "16:00:30"]
[TimeControl "2700+45"]

1. e4 c6 2. d4 d5 3. e5 c5 4. dxc5 e6 5. a3 Nc6 6. Nf3 Bxc5 7. b4 Bb6 8. Bd3
Nge7 9. O-O Ng6 10. Bb2 Qc7 11. Re1 Bd7 12. Nbd2 O-O 13. c4 Qd8 14. g3 Rc8 15.
h4 Nge7 16. c5 Bc7 17. Nb3 f5 18. exf6 gxf6 19. b5 Nb8 20. Ng5 fxg5 21. Bxh7+
Kxh7 22. Qh5+ Kg8 23. Qh8+ Kf7 24. Qh5+ Kg8 25. hxg5 e5 26. g6 Rf5 27. Qh7+ Kf8
28. Rxe5 Bxe5 29. Bxe5 Ke8 30. Re1 Bxb5 31. Bd6 Nc6 32. Nd4 {Black resigns} 1-0

[Event "Team 45 45 League T48"]
[Site "Internet Chess Club"]
[Date "2011.02.20"]
[Round "2"]
[White "Matusalen"]
[Black "BlazekaMatej"]
[Result "1/2-1/2"]
[WhiteElo "2128"]
[BlackElo "2138"]
[Opening "QGA, 4.e3"]
[ECO "D25"]
[Time "08:37:18"]
[TimeControl "2700+45"]

1. Nf3 d5 2. d4 Nf6 3. c4 dxc4 4. e3 Bf5 5. Bxc4 e6 6. Qb3 Qc8 7. Nc3 Be7 8. O-O
O-O 9. Bd2 Nbd7 10. Rfe1 Nb6 11. Bf1 Rd8 {Game drawn by mutual agreement}
1/2-1/2

[Event "Team 45 45 League T48"]
[Site "Internet Chess Club"]
[Date "2011.02.18"]
[Round "2"]
[White "BlackHorse"]
[Black "SlimeDog2"]
[Result "1-0"]
[WhiteElo "2004"]
[BlackElo "2030"]
[Opening "Petrov three knights game"]
[ECO "C42"]
[Time "23:00:36"]
[TimeControl "2700+45"]

1. e4 e5 2. Nf3 Nf6 3. Nc3 Bb4 4. Bc4 O-O 5. d3 d5 6. exd5 Nxd5 7. Bd2 Nxc3 8.
bxc3 Bd6 9. h3 Nd7 10. O-O Nb6 11. Bb3 c5 12. a4 a5 13. Re1 Qc7 14. Ng5 c4 15.
Ba2 Bd7 16. Be3 Nxa4 17. Bxc4 Nb2 18. Qh5 h6 19. Bxf7+ Rxf7 20. Qxf7+ Kh8 21.
Ne4 Rf8 22. Qb3 Na4 23. Rxa4 Bxa4 24. Qxa4 Qxc3 25. Nxc3 {Black resigns} 1-0

[Event "Team 45 45 League T48"]
[Site "Internet Chess Club"]
[Date "2011.02.19"]
[Round "2"]
[White "easycure"]
[Black "theophilus"]
[Result "0-1"]
[WhiteElo "2294"]
[BlackElo "2242"]
[Opening "Dutch: classical variation"]
[ECO "A96"]
[Time "09:00:29"]
[TimeControl "2700+45"]

1. d4 e6 2. c4 f5 3. g3 Nf6 4. Bg2 Be7 5. Nf3 O-O 6. O-O d6 7. Nc3 Ne4 8. Qc2
Nxc3 9. Qxc3 a5 10. b3 Nc6 11. Bb2 Bf6 12. Rad1 Qe8 13. Rfe1 e5 14. dxe5 dxe5
15. e4 fxe4 16. Nd2 Bg4 17. Ra1 Nd4 18. Nxe4 Qh5 19. Re3 Be7 20. c5 Rad8 21.
Rae1 b6 22. Nd2 Ne2+ 23. R1xe2 Bxe2 24. h3 Bxc5 25. g4 Bxg4 26. hxg4 Qxg4 27.
Rf3 Rxf3 28. Nxf3 Rd1+ 29. Kh2 e4 30. Ne5 Bd6 31. Qc4+ Kh8 32. Qxe4 Qxe4 33.
Bxe4 Re1 {White resigns} 0-1

[Event "Team 45 45 League T48"]
[Site "Internet Chess Club"]
[Date "2011.02.20"]
[Round "2"]
[White "cacheboy"]
[Black "technika"]
[Result "1-0"]
[WhiteElo "2299"]
[BlackElo "2125"]
[Opening "Sicilian: Grand Prix attack"]
[ECO "B23"]
[Time "13:00:46"]
[TimeControl "2700+45"]

1. e4 c5 2. Nc3 Nc6 3. f4 g6 4. Nf3 Bg7 5. Bb5 Nd4 6. O-O a6 7. Bc4 d6 8. d3 Nh6
9. h3 Be6 10. a4 O-O 11. f5 Bxc4 12. dxc4 e6 13. Be3 Nxf3+ 14. Qxf3 exf5 15.
Bxh6 Bxh6 16. exf5 Qh4 17. Rae1 Qd4+ 18. Kh2 Rab8 19. Re7 b6 20. f6 Rbe8 21. Qe4
Rxe7 22. Qxd4 cxd4 23. fxe7 Re8 24. Nd5 Bg5 25. Re1 f5 26. b4 Kf7 27. b5 axb5
28. cxb5 Be3 29. Ra1 Rc8 30. a5 bxa5 31. Rxa5 Bf2 32. b6 Rb8 33. b7 Rxb7 34. Ra8
Rxe7 35. Nxe7 Kxe7 36. Ra7+ Ke6 37. Rxh7 Ke5 38. Rh6 Kf6 39. Rh7 Ke5 40. g3 Kf6
41. Kg2 Be1 42. Kf3 Bc3 43. g4 fxg4+ 44. Kxg4 Bd2 45. Rb7 Ke6 46. Rb5 Be3 47.
Kf3 Bh6 48. Ke4 Be3 49. Rd5 g5 50. Rb5 Kf6 51. c3 Bg1 52. cxd4 Bh2 53. Kf3 Bg1
54. Rd5 Ke6 55. Ke4 {Black resigns} 1-0

[Event "Team 45 45 League T48"]
[Site "Internet Chess Club"]
[Date "2011.02.19"]
[Round "2"]
[White "noHz"]
[Black "egyptiantiger"]
[Result "1-0"]
[WhiteElo "2096"]
[BlackElo "2093"]
[Opening "King's Indian defense, 3.Nc3"]
[ECO "E61"]
[Time "10:01:05"]
[TimeControl "2700+45"]

1. d4 Nf6 2. c4 g6 3. Nc3 Bg7 4. Nf3 O-O 5. Bg5 d6 6. h3 c5 7. e3 Qa5 8. Bd3
cxd4 9. exd4 Nc6 10. Qd2 Nb4 11. Be2 e5 12. O-O e4 13. Ne1 Bf5 14. Bxf6 Bxf6 15.
Nd5 Bg7 16. Qxb4 Qd8 17. Qd2 h5 18. f3 Qh4 19. Rd1 Rae8 20. fxe4 Rxe4 21. Nf3
Qd8 22. Bd3 Bxd4+ 23. Kh1 Bg7 24. Bxe4 Bxe4 25. Rde1 f5 26. b3 Kh8 27. Ng5 Qe8
28. Nxe4 fxe4 29. Rxf8+ Qxf8 30. Qf4 Qd8 31. Qxe4 Kh7 32. Qe7 Qa5 33. Nf6+ Kh6
34. Qe3+ g5 35. Ne4 h4 36. Nxd6 Bd4 37. Qe6+ Kh7 38. Qf7+ Bg7 39. Qh5+ {Black
resigns} 1-0

[Event "Team 45 45 League T48"]
[Site "Internet Chess Club"]
[Date "2011.02.16"]
[Round "2"]
[White "TerryMalloy"]
[Black "jorobo"]
[Result "1/2-1/2"]
[WhiteElo "1846"]
[BlackElo "2032"]
[Opening "French: Tarrasch, closed variation"]
[ECO "C05"]
[Time "21:04:20"]
[TimeControl "2700+45"]

1. e4 e6 2. d4 d5 3. Nd2 Nf6 4. e5 Nfd7 5. Bd3 c5 6. c3 Nc6 7. Ne2 Qb6 8. Nf3
cxd4 9. cxd4 f6 10. exf6 Nxf6 11. O-O Bd6 12. Bf4 Bxf4 13. Nxf4 Qxb2 14. Re1 O-O
15. Re3 Qb6 16. Nxe6 Bxe6 17. Rxe6 Rfe8 18. Rxe8+ Rxe8 19. Rb1 Qa5 20. Rxb7 Nxd4
21. h3 Nxf3+ 22. Qxf3 Qxa2 23. Qg3 Qa1+ 24. Kh2 Ne4 25. Bxe4 dxe4 26. Qb3+ Kh8
27. Re7 Rg8 28. Rxe4 h6 {Game drawn by mutual agreement} 1/2-1/2

[Event "Team 45 45 League T48"]
[Site "Internet Chess Club"]
[Date "2011.02.27"]
[Round "2"]
[White "sibirica"]
[Black "onslaught"]
[Result "1/2-1/2"]
[WhiteElo "2314"]
[BlackElo "2210"]
[Opening "Scotch gambit: Dubois-Réti defense"]
[ECO "C55"]
[Time "13:30:19"]
[TimeControl "2700+45"]

1. e4 e5 2. Nf3 Nc6 3. d4 exd4 4. Bc4 Nf6 5. e5 d5 6. Bb5 Ne4 7. Nxd4 Bc5 8. Be3
Bd7 9. Bxc6 bxc6 10. Nd2 Nxd2 11. Qxd2 Qe7 12. O-O O-O 13. Nb3 Bb6 14. Qc3 f6
15. f4 Rae8 16. Nc5 Bc8 17. Bd4 fxe5 18. fxe5 Qg5 19. b4 Rxf1+ 20. Rxf1 Rf8 21.
Rxf8+ Kxf8 22. a4 Qc1+ 23. Kf2 Qf4+ 24. Qf3 Qxf3+ 25. Kxf3 Bf5 26. c3 Bxc5 27.
Bxc5+ Kf7 28. Bxa7 Be4+ 29. Kf2 Ke6 30. Bd4 Bc2 31. a5 Bd3 32. Ke3 Bf1 33. Kf4
Be2 34. Bf2 Bc4 35. Bg3 Bf1 36. Ke3 c5 37. bxc5 c6 38. Kf4 Be2 39. Kg5 Bd3 40.
Bf4 Be2 41. h4 Bd3 42. h5 Be2 43. Kh4 Bf1 44. Kg3 Be2 45. Kf2 Ba6 46. Ke3 Bf1
47. Bg3 Bc4 48. Kf4 Be2 49. Bh4 Ba6 50. Bd8 Bd3 51. Bc7 Bf1 52. Bd6 Bd3 53. g4
Kf7 54. Kg5 Be2 55. e6+ Kxe6 56. Bf8 Kf7 57. Bxg7 Kxg7 58. Kf5 Kh6 59. Ke5 Kg5
60. Kd6 Bb5 61. Kc7 Kxg4 62. Kb6 Kxh5 63. a6 Bxa6 64. Kxa6 Kg5 65. Kb6 h5 66.
Kxc6 h4 67. Kd6 h3 68. c6 h2 69. c7 h1=Q 70. c8=Q Qh2+ 71. Kxd5 Qd2+ 72. Kc4
Qe2+ 73. Kc5 Qf2+ 74. Kc6 Qg2+ 75. Kc7 Qh2+ 76. Kd7 Qh3+ 77. Kd8 Qh8+ {Game
drawn by mutual agreement} 1/2-1/2

[Event "Team 45 45 League T48"]
[Site "Internet Chess Club"]
[Date "2011.02.19"]
[Round "2"]
[White "DreadHead"]
[Black "chiiwen"]
[Result "1/2-1/2"]
[WhiteElo "2188"]
[BlackElo "2179"]
[Opening "Sicilian: Kan, 5.Bd3"]
[ECO "B42"]
[Time "11:59:32"]
[TimeControl "2700+45"]

1. e4 c5 2. Nf3 e6 3. d4 cxd4 4. Nxd4 a6 5. Bd3 Nf6 6. O-O d6 7. Nc3 Qc7 8. Kh1
Nbd7 9. f4 b5 10. a3 Bb7 11. Qe2 Be7 12. Bd2 O-O 13. Rf3 Rfe8 14. Re1 g6 15. Rg3
Bf8 16. e5 Nd5 17. Nxd5 Bxd5 18. Bb4 Nc5 19. h4 Nxd3 20. Rxd3 Bc4 21. Rc3 Qb6
22. Qe3 Red8 23. f5 exf5 24. Nxf5 Qxe3 25. Nxe3 Be6 26. Bxd6 Bxd6 27. exd6 Rxd6
28. Kh2 Kg7 29. g4 Rd4 30. Kg3 a5 31. Rd1 Rxd1 32. Nxd1 b4 33. Rd3 Rc8 34. axb4
axb4 35. Ne3 h6 {Game drawn by mutual agreement} 1/2-1/2

[Event "Team 45 45 League T48"]
[Site "Internet Chess Club"]
[Date "2011.02.17"]
[Round "2"]
[White "f5"]
[Black "spacecadet"]
[Result "0-1"]
[WhiteElo "2088"]
[BlackElo "2101"]
[Opening "Sicilian: closed"]
[ECO "B24"]
[Time "16:39:40"]
[TimeControl "2700+45"]

1. e4 c5 2. Nc3 Nc6 3. g3 g6 4. Bg2 Bg7 5. d3 e6 6. Be3 d6 7. Qd2 Rb8 8. Nge2 b5
9. f4 Nge7 10. O-O O-O 11. e5 dxe5 12. Bxc5 b4 13. Ne4 exf4 14. Qxf4 Rb5 15. Qf2
Ne5 16. d4 Ng4 17. Qf3 f5 18. Nf2 Nxf2 19. Rxf2 e5 20. Qb3+ Kh8 21. a4 Rxc5 22.
dxc5 a5 23. c3 Ba6 24. cxb4 Bxe2 25. Rxe2 Qd4+ 26. Kh1 axb4 27. Rc2 e4 28. c6
Qd6 29. Rac1 Bh6 30. Re1 Nxc6 31. Rc4 Na5 32. Qxb4 Nxc4 33. Qxc4 Qd2 34. Qe2 Qb4
35. Ra1 Ra8 36. Qc2 Bg7 37. g4 Qxb2 38. Qxb2 Bxb2 39. Ra2 Bc3 40. gxf5 gxf5 41.
Bh3 Ra5 42. Bf1 Re5 43. Rc2 Ba5 44. Rb2 Kg7 45. Kg2 Kf6 46. Kg3 Be1+ 47. Kf4 Ba5
48. Rb5 Bd2+ 49. Kg3 f4+ 50. Kf2 f3 {White resigns} 0-1

[Event "Team 45 45 League T48"]
[Site "Internet Chess Club"]
[Date "2011.02.19"]
[Round "2"]
[White "parmupill"]
[Black "Fulvio"]
[Result "1-0"]
[WhiteElo "2165"]
[BlackElo "2031"]
[Opening "Giuoco Piano"]
[ECO "C50"]
[Time "12:30:58"]
[TimeControl "2700+45"]

1. e4 e5 2. Nf3 Nc6 3. Bc4 Bc5 4. O-O Nf6 5. d4 Bxd4 6. Nxd4 Nxd4 7. f4 Qe7 8.
fxe5 Qxe5 9. Bf4 Nf3+ 10. Qxf3 Qc5+ 11. Be3 Qxc4 12. e5 Ng4 13. Na3 Qe6 14. Nb5
Kd8 15. Bg5+ f6 16. exf6 Nxf6 17. Rae1 Qb6+ 18. Kh1 Re8 19. Qh5 Rf8 20. Qxh7 c6
21. Bxf6+ {Black resigns} 1-0

[Event "Team 45 45 League T48"]
[Site "Internet Chess Club"]
[Date "2011.02.17"]
[Round "2"]
[White "Uwak"]
[Black "ElCreyente"]
[Result "1-0"]
[WhiteElo "2379"]
[BlackElo "2201"]
[Opening "Sicilian: Sozin with ...a6 and ...b5"]
[ECO "B87"]
[Time "10:00:29"]
[TimeControl "2700+45"]

1. e4 c5 2. Nf3 d6 3. d4 cxd4 4. Nxd4 Nf6 5. Nc3 a6 6. Bc4 e6 7. Bb3 b5 8. O-O
Be7 9. Be3 O-O 10. f4 Qc7 11. Qf3 Bb7 12. f5 e5 13. Nde2 b4 14. Nd5 Nxd5 15.
exd5 a5 16. c3 a4 17. Bd1 a3 18. b3 bxc3 19. Rc1 Ba6 20. Rf2 Bxe2 21. Bxe2 Nd7
22. Bb5 Nf6 23. Bc6 Rab8 24. Rxc3 Qa5 25. Rc4 Rxb3 26. axb3 a2 27. b4 a1=Q+ 28.
Rf1 Qxf1+ 29. Qxf1 Qa3 30. Qe2 Ng4 31. Rxg4 {Black resigns} 1-0

[Event "Team 45 45 League T48"]
[Site "Internet Chess Club"]
[Date "2011.02.21"]
[Round "2"]
[White "MikeA"]
[Black "searchforbobby1"]
[Result "0-1"]
[WhiteElo "2181"]
[BlackElo "2222"]
[Opening "Ruy Lopez: Marshall, main line, 14...Qh3"]
[ECO "C89"]
[Time "22:13:12"]
[TimeControl "2700+45"]

1. e4 e5 2. Nf3 Nc6 3. Bb5 a6 4. Ba4 Nf6 5. O-O b5 6. Bb3 Be7 7. Re1 O-O 8. c3
d5 9. exd5 Nxd5 10. Nxe5 Nxe5 11. Rxe5 c6 12. d4 Bd6 13. Re1 Qh4 14. g3 Qh3 15.
Be3 Bg4 16. Qd3 Rae8 17. Nd2 Re6 18. Qf1 Qh5 19. c4 bxc4 20. Nxc4 Bb4 21. Rec1
Be2 22. Qg2 Bf3 23. g4 Bxg4 24. Ne5 Bh3 25. Qg5 Qxg5+ 26. Bxg5 Bd6 27. Bh4 Bxe5
28. dxe5 Rg6+ 29. Bg3 h5 30. Bc2 Rg5 31. Be4 h4 32. Rxc6 Nf4 33. Rxa6 Ne2+ 34.
Kh1 hxg3 35. fxg3 Rxe5 36. Ra4 Rfe8 37. Bc6 Nc1 {White resigns} 0-1

[Event "Team 45 45 League T48"]
[Site "Internet Chess Club"]
[Date "2011.02.19"]
[Round "2"]
[White "Phosphorus"]
[Black "xakelari"]
[Result "1/2-1/2"]
[WhiteElo "2131"]
[BlackElo "2082"]
[Opening "Queen's pawn game"]
[ECO "D05"]
[Time "12:00:26"]
[TimeControl "2700+45"]

1. d4 d5 2. Nf3 e6 3. e3 Nf6 4. Bd3 b6 5. b3 Bb7 6. Bb2 c5 7. O-O Nbd7 8. Nbd2
Bd6 9. Ne5 O-O 10. f4 Ne4 11. Bxe4 dxe4 12. Ndc4 Be7 13. Nxd7 Qxd7 14. dxc5 Qxd1
15. Rfxd1 Bxc5 16. Ba3 Bxa3 17. Nxa3 Rfd8 18. Kf2 Kf8 19. Ke1 Ke7 20. Rxd8 Rxd8
21. Rd1 Rxd1+ 22. Kxd1 Ba6 23. c4 e5 24. fxe5 Ke6 25. Kd2 Kxe5 26. Nc2 f5 27.
Nd4 Bb7 28. g3 g5 29. Ne2 Bc6 30. Kc3 Be8 31. b4 Bh5 32. Nd4 Be8 33. Ne2 Bf7 34.
a4 Be8 35. a5 bxa5 36. bxa5 a6 37. Kb4 Kd6 38. Nc3 Bc6 39. Ne2 Bb7 40. Nd4 Bc8
41. Ne2 Bd7 42. Nc3 Bc6 43. Ne2 Bb7 44. Kc3 Ke5 45. Kb4 Kd6 46. Nd4 Bc8 47. Kc3
Ke5 48. Ne2 {Game drawn by mutual agreement} 1/2-1/2

[Event "Team 45 45 League T48"]
[Site "Internet Chess Club"]
[Date "2011.02.19"]
[Round "2"]
[White "CaoCao"]
[Black "screamingeagle"]
[Result "0-1"]
[WhiteElo "1895"]
[BlackElo "2044"]
[Opening "French: Winawer, advance, positional main line"]
[ECO "C19"]
[Time "10:02:20"]
[TimeControl "2700+45"]

1. e4 e6 2. d4 d5 3. Nc3 Bb4 4. e5 c5 5. a3 Bxc3+ 6. bxc3 Ne7 7. Nf3 Nbc6 8. a4
Qc7 9. Qd2 Bd7 10. Bd3 f6 11. exf6 gxf6 12. Bb5 O-O-O 13. Ba3 cxd4 14. cxd4 Rhg8
15. g3 Nf5 16. c3 e5 17. dxe5 Nxe5 18. Bxd7+ Rxd7 19. Nxe5 Qxe5+ 20. Kf1 Qe4 21.
Rg1 h5 22. Re1 Qxa4 23. Bb2 h4 24. Qd3 Nd6 25. Qxd5 Rg5 26. Qd1 Qb5+ 27. Qe2 Nc4
28. Bc1 Re5 29. Be3 Rd2 30. Qg4+ f5 31. Qg8+ Re8 {White resigns} 0-1

[Event "Team 45 45 League T48"]
[Site "Internet Chess Club"]
[Date "2011.02.20"]
[Round "2"]
[White "gandre"]
[Black "Constrictor"]
[Result "1/2-1/2"]
[WhiteElo "1657"]
[BlackElo "1653"]
[Opening "Trompowsky attack (Ruth, Opocenský opening)"]
[ECO "A45"]
[Time "18:02:10"]
[TimeControl "2700+45"]

1. d4 Nf6 2. Bg5 d5 3. Bxf6 gxf6 4. c4 Bf5 5. Nc3 c6 6. e3 Qb6 7. Qb3 Qxb3 8.
axb3 e6 9. Na4 Bc2 10. Nb6 Bb4+ 11. Ke2 Bxb3 12. Nxa8 Bxc4+ 13. Kf3 Bxf1 14.
Rxf1 Na6 15. Ra1 Kd7 16. Nb6+ axb6 17. Ne2 c5 18. h4 c4 19. g4 Be7 20. Nc3 Kc6
21. h5 Nb4 22. Ra7 Nd3 23. Ra2 b5 24. Ne2 Kb6 25. Nf4 Nxf4 26. Kxf4 Rc8 27. Rc1
Bd6+ 28. Kf3 b4 29. Rb1 Kb5 30. Ra7 Kb6 31. Ra4 Kb5 32. Ra7 Kb6 33. Ra4 {Game
drawn by mutual agreement} 1/2-1/2

[Event "Team 45 45 League T48"]
[Site "Internet Chess Club"]
[Date "2011.02.18"]
[Round "2"]
[White "AstroChessPilot"]
[Black "JWB"]
[Result "1-0"]
[WhiteElo "1542"]
[BlackElo "1614"]
[Opening "Ruy Lopez: exchange, Gligoric variation"]
[ECO "C69"]
[Time "09:00:26"]
[TimeControl "2700+45"]

1. e4 e5 2. Nf3 Nc6 3. Bb5 a6 4. Bxc6 dxc6 5. O-O f6 6. d4 exd4 7. Nxd4 c5 8.
Ne2 Qxd1 9. Rxd1 Bd7 10. Bf4 O-O-O 11. Nbc3 c6 12. Na4 b6 13. Nxb6+ Kb7 14.
Rxd7+ Rxd7 15. Nxd7 Be7 16. Rd1 h5 17. Bd6 Bxd6 18. Rxd6 Kc7 19. Rd2 c4 20. Nc3
Ne7 21. Nc5 Kb6 22. Ne6 g5 23. Rd4 Re8 24. Rd8 Rxd8 25. Nxd8 Kc5 26. Nb7+ Kd4
27. Nd6 a5 28. Nf5+ Nxf5 29. exf5 Ke5 30. f3 Kxf5 31. Kf2 Ke5 32. Ke3 f5 33. g3
c5 34. f4+ gxf4+ 35. gxf4+ Kf6 36. Nd5+ Kg6 37. h4 Kf7 38. Nb6 {Black resigns}
1-0

[Event "Team 45 45 League T48"]
[Site "Internet Chess Club"]
[Date "2011.02.20"]
[Round "2"]
[White "FractalDante"]
[Black "makramkozman"]
[Result "0-1"]
[WhiteElo "1492"]
[BlackElo "1553"]
[Opening "Caro-Kann: advance variation"]
[ECO "B12"]
[Time "10:00:25"]
[TimeControl "2700+45"]

1. e4 c6 2. d4 d5 3. e5 Bf5 4. Nc3 e6 5. g4 Bg6 6. h4 h5 7. g5 Nd7 8. Nf3 Ne7 9.
Bd3 Bxd3 10. Qxd3 c5 11. Be3 Nf5 12. O-O-O g6 13. Bf4 c4 14. Qe2 Bb4 15. Bd2 Qa5
16. Kb1 b5 17. Qe1 Bxc3 18. Bxc3 Qc7 19. Ba5 Qb7 20. Qb4 Nb8 21. Qd2 O-O 22. Bb4
Rc8 23. Ne1 Nc6 24. Bc5 a5 25. Ka1 b4 26. Ng2 a4 27. Rb1 b3 28. cxb3 axb3 29. a3
Ra4 30. Ne3 Nfe7 31. Nd1 Rca8 32. Nc3 Nb4 33. Bxb4 Qxb4 34. Qc1 Nf5 35. Nxa4
Rxa4 36. Rh3 Nxd4 {White resigns} 0-1

[Event "Team 45 45 League T48"]
[Site "Internet Chess Club"]
[Date "2011.02.19"]
[Round "2"]
[White "justice02"]
[Black "toukon"]
[Result "0-1"]
[WhiteElo "1593"]
[BlackElo "1676"]
[Opening "QGD semi-Slav"]
[ECO "D43"]
[Time "21:01:49"]
[TimeControl "2700+45"]

1. Nf3 d5 2. d4 Nf6 3. c4 c6 4. Nc3 e6 5. c5 Nbd7 6. g3 Be7 7. Bg2 O-O 8. Qc2 b6
9. cxb6 Nxb6 10. O-O c5 11. Rd1 cxd4 12. Nxd4 Bb7 13. Bg5 h6 14. Bf4 Rc8 15. Bh3
Kh8 16. Qd3 Nc4 17. b3 Nb2 18. Qc2 Nxd1 19. Rxd1 Ne4 20. Bd2 Bb4 21. Rc1 Nxc3
22. Bxc3 Rxc3 23. Qb2 Rxc1+ 24. Qxc1 Qf6 25. e3 Rc8 26. Qf1 Ba3 27. Qb5 Rc1+ 28.
Bf1 Qe7 29. Kg2 e5 30. Nf5 d4+ 31. f3 Qc7 32. Qe8+ Kh7 33. Bd3 e4 34. fxe4 Bc6
{White resigns} 0-1

[Event "Team 45 45 League T48"]
[Site "Internet Chess Club"]
[Date "2011.02.20"]
[Round "2"]
[White "trickey1872"]
[Black "sbaker831"]
[Result "1-0"]
[WhiteElo "1607"]
[BlackElo "1637"]
[Opening "English opening"]
[ECO "A10"]
[Time "14:00:52"]
[TimeControl "2700+45"]

1. c4 g6 2. Nc3 Bg7 3. Nf3 d6 4. g3 b6 5. Bg2 Bb7 6. O-O e6 7. d4 Nd7 8. e4 h6
9. Re1 Ne7 10. d5 Bxc3 11. bxc3 e5 12. Rb1 Nc5 13. Be3 Nxe4 14. Nxe5 Nxc3 15.
Qd4 Nxb1 16. Nc6 Bxc6 17. Qxh8+ Kd7 18. dxc6+ Kc8 19. Qxd8+ Kxd8 20. Rxb1 Nf5
21. Re1 a5 22. Bxb6 Ra6 23. Be3 a4 24. Bd5 Ne7 25. Bxf7 Rxc6 26. Bxh6 d5 {Black
resigns} 1-0

[Event "Team 45 45 League T48"]
[Site "Internet Chess Club"]
[Date "2011.02.17"]
[Round "2"]
[White "ScotchYeti"]
[Black "BaumDeezy"]
[Result "0-1"]
[WhiteElo "1640"]
[BlackElo "1506"]
[Opening "Caro-Kann: Panov-Botvinnik attack"]
[ECO "B13"]
[Time "16:02:38"]
[TimeControl "2700+45"]

1. e4 c6 2. d4 d5 3. exd5 cxd5 4. c4 Nf6 5. Nc3 Nc6 6. Bg5 dxc4 7. d5 Ne5 8. Qd4
h6 9. Bf4 Ng6 10. Bxc4 e6 11. O-O-O Nxf4 12. Qxf4 Bd6 13. Qd4 e5 14. Qe3 O-O 15.
h3 Qc7 16. Qe2 a6 17. Kb1 b5 18. Bb3 Bf5+ 19. Bc2 Bxc2+ 20. Qxc2 Rfc8 21. Qd3
Qc5 22. f3 Rc7 23. Nge2 b4 24. Na4 Qa5 25. b3 Rac8 26. Rc1 Rxc1+ 27. Rxc1 Rxc1+
28. Kxc1 Nd7 29. Kb1 Nb6 30. Nb2 Nd7 31. Qc2 Qc5 32. Nd3 Qxc2+ 33. Kxc2 Nb6 34.
f4 f6 35. fxe5 fxe5 36. Nb2 Nxd5 37. Nc4 Bc7 38. Kd3 Kf7 39. Ke4 Ke6 40. Kd3 Kf5
41. Ng3+ Ke6 42. Ne2 Kf5 43. Nd2 Nf4+ 44. Nxf4 Kxf4 45. Ne4 a5 46. g3+ Kf3 47.
g4 g5 48. Nf6 Bd6 49. Ne4 Be7 50. Nd2+ Kg3 51. Ke4 Kxh3 52. Kf5 Bd6 53. Ne4 Bc7
54. Nc5 Kg3 55. Ne4+ Kf3 56. Nd2+ Kg3 57. Ne4+ Kh4 58. Nf6 Bd8 59. Ne4 Bc7 60.
Nf6 Bd8 61. Ne4 h5 62. gxh5 Kxh5 63. Kxe5 Bc7+ 64. Kd5 g4 65. Kc6 Bd8 66. Ng3+
Kh4 67. Ne2 g3 68. Kd5 g2 69. Ke4 Bb6 70. Kf3 g1=Q 71. Nxg1 Bxg1 72. Kg2 Bb6 73.
Kf3 Bd8 74. Ke2 Kg4 75. Kf2 Kf4 76. Ke2 Ke4 77. Kd2 Kd4 78. Kc2 Ke3 79. Kd1 Kd3
80. Kc1 Kc3 81. Kb1 Bg5 82. Ka1 Be3 83. Kb1 Kd2 84. Kb2 Bd4+ 85. Kb1 Bc3 86. a4
bxa3 87. Ka2 Bb4 88. Kb1 Kd1 89. Ka2 Kc2 90. Ka1 Kxb3 91. Kb1 a2+ 92. Ka1 Bc3#
{White checkmated} 0-1

[Event "Team 45 45 League T48"]
[Site "Internet Chess Club"]
[Date "2011.02.19"]
[Round "2"]
[White "Xanther"]
[Black "cepheid"]
[Result "0-1"]
[WhiteElo "1479"]
[BlackElo "1613"]
[Opening "Sicilian: Alapin's variation (2.c3)"]
[ECO "B22"]
[Time "22:01:17"]
[TimeControl "2700+45"]

1. e4 c5 2. c3 g6 3. d4 cxd4 4. cxd4 d5 5. exd5 Nf6 6. Nc3 Nxd5 7. Nf3 Bg7 8.
Nxd5 Qxd5 9. Be3 O-O 10. Be2 Nc6 11. O-O Rd8 12. Qa4 Bf5 13. Rfd1 a6 14. Bc4 Qa5
15. Qxa5 Nxa5 16. Bd3 Bxd3 17. Rxd3 Nc4 18. Rb3 b5 19. Rc1 e6 20. a4 Rd5 21.
axb5 axb5 22. Ne1 Nxe3 23. fxe3 Bf8 24. Kf2 e5 25. e4 Rxd4 26. Rxb5 Rxe4 27. Kf3
Rf4+ 28. Ke3 Bh6 29. Rcc5 Rd4+ 30. Kf3 e4+ 31. Kf2 Rd2+ 32. Kf1 Rd1 33. Ke2 Raa1
34. Nc2 Rd2# {White checkmated} 0-1

[Event "Team 45 45 League T48"]
[Site "Internet Chess Club"]
[Date "2011.02.18"]
[Round "2"]
[White "chess-fan"]
[Black "Zugzwanged"]
[Result "1-0"]
[WhiteElo "1378"]
[BlackElo "1535"]
[Opening "Petrov: Nimzovich attack"]
[ECO "C42"]
[Time "22:01:07"]
[TimeControl "2700+45"]

1. e4 e5 2. Nf3 Nf6 3. Nxe5 d6 4. Nf3 Nxe4 5. Nc3 Nxc3 6. dxc3 Be7 7. Be3 d5 8.
Qd2 Nc6 9. O-O-O Be6 10. Bb5 O-O 11. h4 Na5 12. h5 c6 13. Bd3 Nc4 14. Bxc4 dxc4
15. Qe1 Qa5 16. Kb1 Bg4 17. h6 g6 18. Rd4 Bxf3 19. gxf3 Qf5 20. Rf4 Qd5 21. Qe2
b5 22. Rd1 Qe6 23. Re4 Qf6 24. Bd4 Qg5 25. Rxe7 Qxh6 26. Qe5 f6 27. Qe6+ Kh8 28.
Bxf6+ Rxf6 29. Qxf6+ Kg8 30. Qe6+ Kh8 31. Re8+ Kg7 32. Qe7# {Black checkmated}
1-0